[Event "*** Titled Tuesday Blitz"]
[Site "Chess.com"]
[Date "2018.11.06"]
[Round "7"]
[White "AndrewMcStone"]
[Black "sergeikim"]
[Result "0-1"]
[WhiteElo "2130"]
[BlackElo "2464"]
[TimeControl "180+2"]
[EndTime "14:37:26 PST"]
[Termination "sergeikim won by resignation"]

1. d4 Nf6 2. c4 g6 3. Nc3 Bg7 4. e4 d6 5. Nge2 O-O 6. Ng3 e5 7. d5 a5 8. Be2 Na6 9. h4 h6 10. Be3 Nc5 11. Qd2 Kh7 12. f3 a4 13. O-O-O Bd7 14.
h5 g5 15. Nf5 Bxf5 16. exf5 Qd7 17. g4 Rfe8 18. Bxc5 dxc5 19. Ne4 Nxe4 20. fxe4 Ra6 21. Qe3 Bf8 22. Rhf1 f6 23. Rd2 Rea8 24. Kd1 Rb6 25.
Ke1 Bd6 26. Kf2 Rb4 27. Rc1 Ra5 28. Rc3 Qc8 29. Kg2 Qa8 30. Bf1 Qa6 31. Qd3 Qa7 32.
Qe3 Qb8 33. Qd3 b5 34. cxb5 Raxb5 35. Rcc2 Rxb2 36. Rxb2 Rxb2 37. Qc3 Rxd2+ 38. Qxd2 Qb1 39. Bd3 Qa1 40. Bb5 a3 41. Ba4 c4 42. Qa5 Qxa2+ 43.
Kg3 Qe2 44. Qb5 Qe3+ 45. Kh2 Qf4+ 46. Kh3 Qf3+ 47. Kh2 Bf8 48. Qe8 Qe2+ 49. Kh3 Qe3+ 50. Kh2 Qd2+ 51. Kh3 Qb4 52. Qg6+ Kh8 53. Qxf6+ Bg7 54.
Qd8+ Qf8 55. Be8 a2 56. Qa8 a1=Q 57. Qxa1 Qxe8 0-1

[Event "*** Titled Tuesday Blitz"]
[Site "Chess.com"]
[Date "2018.11.06"]
[Round "7"]
[White "mouseWLZ"]
[Black "Pilopa"]
[Result "1-0"]
[WhiteElo "2281"]
[BlackElo "2390"]
[TimeControl "180+2"]
[EndTime "14:37:31 PST"]
[Termination "mouseWLZ won by checkmate"]

1. e4 Nc6 2. Nf3 d6 3. d4 Nf6 4. Nc3 g6 5. h3 Bg7 6. Bf4 O-O 7. Qd2 a6 8. O-O-O b5 9. e5 dxe5 10. dxe5 Qxd2+ 11. Rxd2 b4 12. Nd5 Nxd5 13. Rxd5 Nd8 14. Be2 Ne6 15. Be3 Bb7 16. Rd7 Rfd8 17. Rhd1 Rxd7 18.
Rxd7 Bc6 19. Rd1 a5 20. g3 a4 21. Nd4 Nxd4 22. Bxd4 Bd5 23. Bc5 e6 24. Bxb4 Bxe5 25. c4 Be4 26. f4 Bf6 27. Rd7 Rb8 28. Ba3 Bd8 29. Bd1 Bc6 30. Rd2 h5 31. Bc5 Bf6 32. Bd4 Kg7 33. Bxf6+ Kxf6 34. Rd4 g5 35. Bxh5 gxf4 36.
Rxf4+ Ke5 37. Bxf7 Rh8 38. h4 Rf8 39. h5 Be4 40. Bg6 Rxf4 41. gxf4+ Kxf4 42. Bxe4 Kxe4 43.
h6 Kd4 44. h7 e5 45. h8=Q Kxc4 46. Qxe5 a3 47. Qxc7+ Kb4 48. Qc3+ Ka4 49. Qxa3+ Kb5 50.
Qb3+ Ka5 51. Kc2 Ka6 52. Kc3 Ka5 53. Kc4 Ka6 54. Kc5 Ka7 55. Kc6 Ka6 56. Qa3# 1-0

[Event "*** Titled Tuesday Blitz"]
[Site "Chess.com"]
[Date "2018.11.06"]
[Round "7"]
[White "murmah2003"]
[Black "santosalberto1987"]
[Result "1-0"]
[WhiteElo "2500"]
[BlackElo "2397"]
[TimeControl "180+2"]
[EndTime "14:37:34 PST"]
[Termination "murmah2003 won by resignation"]

1. Nf3 d5 2. c4 c6 3. e3 Nf6 4. b3 Bf5 5. Bb2 e6 6. d4 h6 7. Nbd2 Nbd7 8. Be2 Be7 9. O-O O-O 10. a3 a5 11. Rc1 Ne4 12. Nxe4 Bxe4 13. Nd2 Bg6 14. cxd5 exd5 15. f4 Nf6 16. f5 Bh7 17. g4 Bd6 18.
h3 Qe7 19. Rf3 Bxa3 20. Bxa3 Qxa3 21. Bd3 Rfe8 22. Ra1 Qd6 23. Qc2 Re7 24. Qc5 Qc7 25. Nf1 Ne4 26. Bxe4 Rxe4 27. Rc1 Qe7 28. Qxe7 Rxe7 29.
Ng3 f6 30. Nh5 a4 31. Ra1 b5 32. b4 a3 33. Kf2 Ra4 34. e4 Rxe4 35. Rfxa3 Rxd4 36. Rxa4 bxa4 37. Rxa4 Kh8 38. Ra7 Rxb4 39. Rxg7 Bxf5 40.
Rc7 Bxg4 41. hxg4 Rxg4 42. Kf3 Rg5 43. Nf4 h5 44. Ne6 Re5 45. Nd8 Rf5+ 46. Kg3 Rg5+ 47. Kf4 Rg7 48. Rc8 Kh7 49. Ne6 Rd7 50. Nf8+ Kg7 51.
Nxd7 Kf7 52. Rxc6 Ke7 53. Nxf6 h4 54. Nxd5+ 1-0

[Event "*** Titled Tuesday Blitz"]
[Site "Chess.com"]
[Date "2018.11.06"]
[Round "7"]
[White "Mbneu"]
[Black "saraswathii"]
[Result "0-1"]
[WhiteElo "2263"]
[BlackElo "2280"]
[TimeControl "180+2"]
[EndTime "14:37:34 PST"]
[Termination "saraswathii won by resignation"]

1. d4 Nc6 2. f4 d5 3. c4 dxc4 4. d5 Nb8 5. Nc3 e6 6. e4 Nf6 7.
Bxc4 exd5 8. exd5 Bc5 9. Qe2+ Qe7 10. Qxe7+ Kxe7 11. Bd2 Re8 12. O-O-O Bf5 13. Nf3 Nbd7 14.
Na4 Bd6 15. Nd4 Bg6 16. f5 Bh5 17. Rde1+ Kf8 18. h3 Bg3 19. Re3 Rxe3 20. Bxe3 Re8 21.
Nc2 a6 22. Nc5 Nb6 23. Bb3 Nbxd5 24. Bd4 Nf4 25. Nxb7 Nxg2 26. Rg1 Bf4+ 27. Kb1 Ne3 28. Nc5 Nxc2 29. Bxc2 Be5 30. Bxe5 Rxe5 31. Nxa6 Nd5 32. a4 Ne3 33. Bd3 c5 34. b3 Bf3 35. Rc1 c4 36. Bxc4 Nxf5 37. Nc7 Be4+ 38. Kb2 Nd4 39. Ka3 Nc2+ 40. Kb2 Rc5 41. Nb5 Nb4 42. Kc3 Na2+ 43.
Kb2 Nxc1 44. Kxc1 Bd5 45. Na3 Bxc4 46. Nxc4 Ke7 47. a5 Kd7 48. Kd2 Kc6 49. Kc3 Rh5 50.
b4 Rxh3+ 51. Kd4 Kb5 52. Nd6+ Kxb4 53. a6 Ra3 54. Nxf7 0-1

[Event "*** Titled Tuesday Blitz"]
[Site "Chess.com"]
[Date "2018.11.06"]
[Round "7"]
[White "RaphaeI"]
[Black "AlexTriapishko"]
[Result "1/2-1/2"]
[WhiteElo "2587"]
[BlackElo "2761"]
[TimeControl "180+2"]
[EndTime "14:37:38 PST"]
[Termination "Game drawn by repetition"]

1. Nf3 Nf6 2. c4 c5 3. Nc3 d5 4.
cxd5 Nxd5 5. e3 e6 6. d4 cxd4 7. exd4 Nxc3 8. bxc3 Qc7 9. Bd2 Bd6 10. Bd3 b6 11.
O-O Bb7 12. Re1 Nd7 13. a4 Nf6 14. c4 O-O 15. h3 Rfe8 16. a5 e5 17. dxe5 Bxe5 18.
axb6 axb6 19. Rxa8 Bxa8 20. Rxe5 Rxe5 21. Nxe5 Qxe5 22. Be3 Qc7 23. Qb1 Nd7 24. Bxh7+ Kh8 25. Be4 Bc6 26. Bxc6 Qxc6 27. Qf5 Kg8 28. h4 g6 29. Qb5 Qe6 30. Qd5 Qxd5 31. cxd5 b5 32. Bd4 b4 33. g4 b3 34. Kf1 Nb6 35. d6 Kf8 36. h5 gxh5 37. gxh5 Nd7 38. Ke2 f6 39. Kd3 Kg7 40. Kc3 Kh6 41. Kxb3 Kxh5 42. Kc4 Kg4 43. Kd5 Kf5 44. f3 Nf8 45. Kc6 Ke6 46. f4 f5 47. Kc7 Nd7 48. Kc6 Nf8 49. Bg7 Nd7 50. Bh6 Nf6 51. Bg5 Nd7 52. Be7 Nb8+ 53. Kb7 Nd7 54. Kc6 Nb8+ 55. Kc7 Nd7 56. Kc6 Nb8+ 1/2-1/2

[Event "*** Titled Tuesday Blitz"]
[Site "Chess.com"]
[Date "2018.11.06"]
[Round "7"]
[White "Manukyan_Artak"]
[Black "Paparama_1917"]
[Result "1-0"]
[WhiteElo "2439"]
[BlackElo "2565"]
[TimeControl "180+2"]
[EndTime "14:37:39 PST"]
[Termination "Manukyan_Artak won by resignation"]

1. e4 c5 2. Nf3 e6 3. c3 d5 4. e5 Nc6 5. d4 Nge7 6. Bd3 Qb6 7. O-O Bd7 8. dxc5 Qxc5 9. Be3 Qa5 10. Nbd2 Ng6 11. Nb3 Qc7 12. Bxg6 hxg6 13. Bd4 Be7 14.
Re1 g5 15. h3 Na5 16. Nxa5 Qxa5 17. b4 Qc7 18. a4 Qc4 19. Qd2 Rh5 20. Nh2 a6 21.
Qe3 Rc8 22. Red1 Qb3 23. Rdb1 Qc2 24. Rc1 Qf5 25. g4 Qh7 26. gxh5 Qxh5 27. Qf3 Qh7 28. Ng4 Rc4 29. Kg2 Bd8 30. Rd1 Bc7 31. Qd3 Qh5 32. Ne3 Bc6 33. Rd2 Bxe5 34. Qe2 Qxe2 35. Rxe2 Bxd4 36. cxd4 Rxd4 37. Rb2 Rd3 38. b5 axb5 39. axb5 Bd7 40. Ra7 e5 41. Rxb7 d4 42. Ng4 f6 43.
Rc7 Bf5 44. b6 Be4+ 45. Kh2 Kd8 46. Rxg7 Kc8 47. Nxf6 Rf3 48. Nxe4 1-0

[Event "*** Titled Tuesday Blitz"]
[Site "Chess.com"]
[Date "2018.11.06"]
[Round "7"]
[White "Superfelix"]
[Black "JSMastropiero"]
[Result "0-1"]
[WhiteElo "2398"]
[BlackElo "2322"]
[TimeControl "180+2"]
[EndTime "14:37:43 PST"]
[Termination "JSMastropiero won on time"]

1. e4 c5 2. Nf3 g6 3. d4 cxd4 4. Qxd4 Nf6 5. e5 Nc6 6. Qa4 Nd5 7. Qe4 Nb6 8. h4 d5 9. exd6 Qxd6 10. Bf4 Qb4+ 11.
Nbd2 Bf5 12. Qxb4 Nxb4 13. Nd4 Bd7 14. c3 Bg7 15. N2f3 N4d5 16. Bg3 O-O 17. O-O-O Rac8 18. Kb1 Rfe8 19. Ne5 Bxe5 20. Bxe5 f6 21. Bg3 e5 22. Nc2 Bf5 23. Rd2 Red8 24. Kc1 h5 25. Ne3 Nxe3 26. Rxd8+ Rxd8 27. fxe3 Kf7 28. Be2 Ke6 29. Rd1 Rxd1+ 30. Bxd1 Nc4 31. Bf2 Be4 32. b3 Nd6 33. g3 b5 34. Kb2 Bd3 35. Bf3 Kf5 36. e4+ Bxe4 37. Be2 a6 38. c4 bxc4 39. bxc4 Bc6 40. c5 Ne4 41. Be3 Nxg3 42. Bxa6 Ke4 43. Bf2 Kf3 44. Be1 Ne4 45. Kc2 Nxc5 46. Bc4 g5 47. Kd1 g4 48. Be2+ Kg2 49. Kd2 f5 50. Kc3 f4 51. Kc4 Ne4 52. Bxg4 hxg4 53. h5 f3 54. h6 Ng5 55. Bd2 Nh7 0-1

[Event "*** Titled Tuesday Blitz"]
[Site "Chess.com"]
[Date "2018.11.06"]
[Round "7"]
[White "MikaelyanArman"]
[Black "Lovkov_Roman"]
[Result "0-1"]
[WhiteElo "2720"]
[BlackElo "2621"]
[TimeControl "180+2"]
[EndTime "14:37:51 PST"]
[Termination "Lovkov_Roman won on time"]

1. Nf3 Nf6 2. g3 g6 3. Bg2 Bg7 4. c4 O-O 5. O-O d6 6. d4 Nc6 7. Nc3 e5 8. dxe5 dxe5 9. Bg5 Qxd1 10. Rfxd1 h6 11. Bxf6 Bxf6 12. Nd5 Bd8 13. Nd2 f5 14. b4 Nd4 15. e3 Ne6 16. Nb3 c6 17. Nc3 Bf6 18.
Rac1 Rd8 19. b5 e4 20. Rxd8+ Nxd8 21. Ne2 Be6 22. Ned4 Bf7 23. Bf1 Rc8 24. c5 cxb5 25.
Bxb5 Ne6 26. Nxe6 Bxe6 27. Bc4 Kf7 28. Kf1 Be5 29. Ke2 Ke7 30. Bxe6 Kxe6 31. a4 Rd8 32. c6 b6 33. Nd4+ Bxd4 34. exd4 Kd5 35. a5 Rc8 36. c7 Kd6 37. axb6 axb6 38. Rb1 Kxc7 39. Ke3 Ra8 40. Rb2 Ra5 41. h4 Kc6 42. Kf4 Rd5 43. Rb4 Rb5 44. Rc4+ Kd6 45. Rc8 Rb3 46. Rd8+ Ke7 47.
Rh8 Rf3+ 48. Ke5 Rxf2 49. d5 e3 50. d6+ Kd7 51. Rh7+ Kc6 52. Rc7+ Kb5 53. d7 Rd2 54.
Ke6 e2 55. Rc1 Rd1 56. h5 e1=Q+ 0-1

[Event "*** Titled Tuesday Blitz"]
[Site "Chess.com"]
[Date "2018.11.06"]
[Round "7"]
[White "Barcelona_Guy"]
[Black "matiss90"]
[Result "1-0"]
[WhiteElo "2482"]
[BlackElo "2413"]
[TimeControl "180+2"]
[EndTime "14:37:51 PST"]
[Termination "Barcelona_Guy won by resignation"]

1. d4 Nf6 2. c4 g6 3. Nc3 Bg7 4. e4 O-O 5. f3 d6 6. Be3 a6 7.
Qd2 Nc6 8. Nge2 e5 9. d5 Nd4 10. Nxd4 exd4 11. Bxd4 c5 12. dxc6 bxc6 13. Be2 Re8 14.
O-O d5 15. cxd5 cxd5 16. e5 Nd7 17. f4 Nf8 18. Bf3 Bb7 19. Be3 Rb8 20. Rad1 Ne6 21. Nxd5 Qh4 22. g3 Qh3 23. Bg2 Qf5 24. Rfe1 Rbd8 25.
Qf2 h5 26. Nf6+ Bxf6 27. Bxb7 Be7 28. Bxa6 Rxd1 29. Rxd1 Qe4 30. Bd3 Qd5 31. b3 h4 32.
Be2 Qa5 33. a4 Nc5 34. Rd5 Rc8 35. Bg4 Rc7 36. f5 Qb4 37. fxg6 fxg6 38. Rd4 Qxb3 39.
Bf3 Kg7 40. Bd5 Qb1+ 41. Kg2 Bd8 42. Rf4 Ne6 43. Bxe6 Qb7+ 44. Kh3 hxg3 45. hxg3 Bg5 46. Rf3 Bxe3 47. Qxe3 Qb1 48. Kg2 Rc2+ 49. Rf2 Qb7+ 50. Kh2 Rxf2+ 51. Qxf2 Qe7 52. Qf6+ Qxf6 53. exf6+ Kxf6 54. a5 1-0

[Event "*** Titled Tuesday Blitz"]
[Site "Chess.com"]
[Date "2018.11.06"]
[Round "7"]
[White "tteshan"]
[Black "WorldChampionBulletChess"]
[Result "1-0"]
[WhiteElo "2136"]
[BlackElo "2212"]
[TimeControl "180+2"]
[EndTime "14:38:02 PST"]
[Termination "tteshan won by checkmate"]

1. d4 Nf6 2. c4 e6 3. Nc3 b6 4. e4 Bb7 5. Bd3 Bb4 6. f3 O-O 7. Ne2 d6 8. a3 Bxc3+ 9. Nxc3 Nbd7 10. O-O e5 11. d5 Ne8 12. b4 g6 13. Qc2 Ng7 14. Bh6 Qe7 15. g3 a6 16. Kh1 Rac8 17. f4 f6 18. f5 g5 19. Nd1 c6 20. Qe2 cxd5 21. cxd5 Rc7 22. Bxa6 Bxa6 23. Qxa6 Rfc8 24.
Bxg7 Kxg7 25. Ne3 Rc3 26. Qe2 Ra8 27. a4 Qd8 28. Rg1 Qc7 29. h4 h6 30. h5 Nb8 31. Ra2 Nd7 32. Qd2 Rc8 33. a5 bxa5 34.
Rxa5 Nb6 35. Rga1 Rc1+ 36. Rxc1 Qxc1+ 37. Qxc1 Rxc1+ 38. Kg2 Nc4 39. Ra7+ Kf8 40. Ng4 Rc2+ 41. Kh3 Nd2 42. Nxf6 Nf1 43. Rb7 Rc3 44. Kg2 Ne3+ 45. Kf2 Nd1+ 46. Ke1 Ne3 47. b5 Ng2+ 48. Kd2 Rb3 49. Kc2 Rb4 50. b6 Ne3+ 51. Kc3 Rc4+ 52. Kd3 Rd4+ 53. Kxe3 Rb4 54. Rb8+ Ke7 55. Ng8+ Kf7 56.
Nxh6+ Kg7 57. Ng4 Rb3+ 58. Kf2 Rb2+ 59. Kf3 Rb3+ 60. Ne3 g4+ 61. Kxg4 Rxe3 62. b7 Rxe4+ 63. Kg5 Re3 64. g4 Rb3 65. f6+ Kf7 66. Rh8 e4 67. b8=Q Rxb8 68. Rxb8 e3 69. Rb7+ Kf8 70. Kg6 e2 71. Rb8# 1-0

[Event "*** Titled Tuesday Blitz"]
[Site "Chess.com"]
[Date "2018.11.06"]
[Round "7"]
[White "RichardLeyvaP"]
[Black "joppie2"]
[Result "1-0"]
[WhiteElo "2488"]
[BlackElo "2677"]
[TimeControl "180+2"]
[EndTime "14:38:06 PST"]
[Termination "RichardLeyvaP won by resignation"]

1. e4 c5 2. Nf3 e6 3. d4 cxd4 4. Nxd4 Nc6 5. Nc3 Qc7 6. Be3 a6 7. Qd2 Nf6 8. f3 Bb4 9. a3 Be7 10. O-O-O b5 11. Nxc6 Qxc6 12. e5 Nd5 13. Nxd5 exd5 14.
Qxd5 Bb7 15. Qxc6 Bxc6 16. Bd3 O-O 17. Kb1 g6 18. Rhe1 Rfe8 19. c3 Bf8 20. Bd4 a5 21. Be4 b4 22. axb4 axb4 23. Bxc6 dxc6 24. Kc2 c5 25.
Bf2 Ra2 26. Kb3 Rea8 27. c4 R2a5 28. Rd5 Re8 29. Red1 Kg7 30. f4 Be7 31. Rd7 Ra6 32. Rc7 Ra5 33. Rdd7 Kf8 34. Rxe7 Rxe7 35. Bxc5 Rxc5 36.
Rxc5 Rd7 37. Rd5 Rb7 38. g4 Ke7 39. f5 Rb8 40. Rb5 Rd8 41. Rb7+ Ke8 42. Kxb4 Rd2 43.
Kc5 Rxh2 44. f6 h5 45. gxh5 gxh5 46. Rb8+ Kd7 47. Rf8 Ke6 48. Re8+ Kf5 49. Re7 Rxb2 50. Rxf7 Kxe5 51. Rh7 Kxf6 52. Rxh5 Rc2 53. Rd5 Ke6 54. Rd1 Ke7 55. Kb5 Rh2 56. c5 Rh6 57. c6 Rh2 58. Kb6 Rc2 59. Kb7 Rb2+ 60. Kc8 Rc2 61. c7 Rc3 62. Re1+ Kf7 63. Re4 1-0

[Event "*** Titled Tuesday Blitz"]
[Site "Chess.com"]
[Date "2018.11.06"]
[Round "7"]
[White "KenanGarayev"]
[Black "RegZryt"]
[Result "0-1"]
[WhiteElo "2733"]
[BlackElo "2527"]
[TimeControl "180+2"]
[EndTime "14:38:08 PST"]
[Termination "RegZryt won by resignation"]

1. d4 d5 2. c4 e6 3. Nc3 Bb4 4. Nf3 Nf6 5. Bg5 Nbd7 6. e3 c5 7. cxd5 exd5 8. Be2 Qa5 9. Bxf6 Nxf6 10. O-O Bxc3 11.
bxc3 c4 12. Qc2 Ne4 13. Rac1 Bf5 14. Nh4 Be6 15. Bxc4 Nxc3 16. Qxc3 Qxc3 17. Bb5+ Qc6 18. Bxc6+ bxc6 19. Rxc6 Ke7 20. Rc7+ Kf6 21. Nf3 Rhb8 22.
Rfc1 Rb2 23. R7c2 Rab8 24. h3 a5 25. Kh2 a4 26. a3 Rxc2 27. Rxc2 Rb3 28. Ra2 Bd7 29.
Kg3 Bb5 30. Ne5 Ke6 31. Ra1 f6 32. Nf3 Rb2 33. Ne1 Bc4 34. h4 h5 35. f3 Re2 36. Kf4 g6 37. e4 Kd6 38. g3 Ke6 39.
Rb1 Ra2 40. Rb6+ Kf7 41. e5 fxe5+ 42. dxe5 Rxa3 43. Rb7+ Ke6 44. Nc2 Rd3 45. Rb6+ Kf7 46. Nb4 Rb3 47. Rb7+ Ke6 48. Rb6+ Kf7 49. Kg5 Rxf3 50.
Nc6 Rxg3+ 51. Kh6 Ke6 52. Rb7 a3 53. Re7+ Kf5 54. Rf7+ Ke6 55. Re7+ Kf5 56. Rf7+ Kg4 57. e6 Re3 58. e7 a2 59. Rf8 a1=Q 60. e8=Q Rxe8 61.
Rxe8 Kxh4 62. Ne5 Qc1+ 63. Kxg6 Qg5+ 64. Kh7 Qf5+ 65. Ng6+ Kg5 66. Re5 Bd3 67. Kg7 h4 68. Rxf5+ Bxf5 69. Ne5 h3 70. Nf3+ Kf4 71. Nh2 d4 0-1

[Event "*** Titled Tuesday Blitz"]
[Site "Chess.com"]
[Date "2018.11.06"]
[Round "7"]
[White "vovachesss"]
[Black "Vamostodorecto"]
[Result "1-0"]
[WhiteElo "2453"]
[BlackElo "2425"]
[TimeControl "180+2"]
[EndTime "14:38:11 PST"]
[Termination "vovachesss won by resignation"]

1. Nf3 d5 2. b3 e6 3. Bb2 Nf6 4. e3 Be7 5. d4 O-O 6. Nbd2 c5 7. Bd3 Nc6 8. a3 cxd4 9. exd4 Bd6 10. Qe2 Nh5 11. g3 Re8 12. Ne5 g6 13. O-O f6 14.
Nxg6 hxg6 15. Bxg6 Ng7 16. Qe3 Nf5 17. Qf3 Re7 18.
Bxf5 exf5 19. Qxd5+ Be6 20. Qf3 Bc7 21. c3 Qd5 22.
Qxd5 Bxd5 23. c4 Bf7 24. d5 Ne5 25. f4 Nd3 26. Bxf6 Re2 27. Nf3 Bb6+ 28. Bd4 Rd8 29.
Bxb6 axb6 30. Rad1 Nb2 31. Rde1 Rxe1 32. Rxe1 b5 33. Ne5 bxc4 34. bxc4 b5 35. cxb5 Rxd5 36.
b6 Rb5 37. Nd7 Na4 38. Re5 Rb1+ 39. Kf2 Nxb6 40. Nxb6 Rxb6 41. Rxf5 Rb2+ 42. Kg1 Ra2 43. Ra5 Kg7 44. h4 Bh5 45. Rxh5 Rxa3 46. Kg2 Kg6 47.
Rg5+ Kh6 48. Kh3 Rb3 49. Rc5 Kh7 50. h5 Kh6 51. Kh4 Kh7 52. Rc7+ Kh8 53. g4 Rb4 54. Kg5 Rb5+ 55. f5 Rb6 56. f6 Rb5+ 57.
Kg6 Rb8 58. Rh7+ Kg8 59. f7+ 1-0

[Event "*** Titled Tuesday Blitz"]
[Site "Chess.com"]
[Date "2018.11.06"]
[Round "7"]
[White "ZeroRealtorFade"]
[Black "Kawhi_Leonard2"]
[Result "0-1"]
[WhiteElo "2219"]
[BlackElo "2290"]
[TimeControl "180+2"]
[EndTime "14:38:12 PST"]
[Termination "Kawhi_Leonard2 won by resignation"]

1. d4 Nf6 2. Bf4 e6 3. e3 d5 4. c3 Bd6 5. Bg3 O-O 6. Nd2 c5 7. Ngf3 b6 8. Bd3 Nc6 9. O-O Bb7 10. Ne5 Qc7 11. f4 Ne7 12. Bh4 Ne4 13. Bxe7 Qxe7 14.
Qc2 f6 15. Nef3 e5 16. dxe5 fxe5 17. Bxe4 dxe4 18. Nxe4 exf4 19. Nxd6 Qxd6 20. exf4 Rxf4 21. Ng5 g6 22. Rxf4 Qxf4 23. Nh3 Qe5 24. Rf1 Re8 25. Qf2 Qe3 26. Nf4 Qxf2+ 27. Rxf2 g5 28. Re2 Rxe2 29. Nxe2 Kf7 30. Kf2 Kf6 31. g3 h5 32. Ke3 Bd5 33.
a3 Kf5 34. Nc1 Kg4 35. Kf2 Kh3 36. Kg1 Bc4 37. b3 Be6 38. c4 Bf5 39. b4 Be6 40. bxc5 bxc5 41. Nd3 Bxc4 42. Nxc5 h4 43. gxh4 gxh4 44.
Ne4 Kg4 45. Kf2 Kf4 46. Nd2 Bd5 47. Nf1 a5 48. Ne3 Be6 49. Nc2 Ke4 50. Ne3 Kd3 51.
Ng2 Kc3 52. Nxh4 Kb3 53. Nf3 Kxa3 54. Nd4 Bd7 55. Ke3 Kb2 56. Kd2 a4 57. Nc2 Bf5 58. Ne3 Be6 59. Nc2 Bb3 60. Nb4 a3 61.
h4 Bf7 62. Nc2 a2 63. h5 Bxh5 64. Na1 Kxa1 65. Kc1 Bg6 0-1

[Event "*** Titled Tuesday Blitz"]
[Site "Chess.com"]
[Date "2018.11.06"]
[Round "7"]
[White "Me_ch_an"]
[Black "ShadyH9"]
[Result "1/2-1/2"]
[WhiteElo "2218"]
[BlackElo "2271"]
[TimeControl "180+2"]
[EndTime "14:38:16 PST"]
[Termination "Game drawn by repetition"]

1. e4 c5 2. Nc3 e6 3. g3 d5 4. exd5 exd5 5. Bg2 Nf6 6. Nge2 d4 7. Ne4 Be7 8. O-O Nc6 9. Nf4 O-O 10. d3 Bf5 11.
Nxf6+ Bxf6 12. Nd5 Be5 13. Bf4 Be6 14. Bxe5 Bxd5 15.
Bf4 Bxg2 16. Kxg2 Re8 17. Qf3 Re6 18. Rfe1 Qe7 19. Rxe6 Qxe6 20. Bd2 h6 21. a3 Re8 22. Re1 Qd7 23. Rxe8+ Qxe8 24. Qg4 b6 25. Bxh6 g6 26. Bd2 f5 27. Qf3 Qe6 28. h4 Kf7 29. h5 Ne5 30. Qb7+ Kf6 31. hxg6 Kxg6 32. Bf4 Nc6 33. Qc7 Qd5+ 34.
f3 Qe6 35. Qd6 Qxd6 36. Bxd6 Kf6 37. Kf2 Ke6 38. Bf4 b5 39. g4 a5 40. g5 c4 41.
dxc4 bxc4 42. Ke2 Ne7 43. Bc7 a4 44. Bb6 Kd5 45. f4 Ke4 46. Kd2 Ng6 47. Bc7 Kf3 48.
Be5 Ke4 49. Bc7 Kf3 50. Be5 Ke4 51. Ke2 Nh4 52. Bd6 Ng6 53. Be5 Nh4 54. Bd6 Ng6 55. Be5 Nh4 56. Bd6 Ng6 57. Be5 Nh4 58. Bd6 Ng6 59.
Be5 1/2-1/2

[Event "*** Titled Tuesday Blitz"]
[Site "Chess.com"]
[Date "2018.11.06"]
[Round "7"]
[White "VerdeNotte"]
[Black "Grieve72"]
[Result "1-0"]
[WhiteElo "2817"]
[BlackElo "2322"]
[TimeControl "180+2"]
[EndTime "14:38:17 PST"]
[Termination "VerdeNotte won by resignation"]

1. e4 d6 2. d4 Nf6 3. Nc3 Nbd7 4. g4 h6 5. Be3 e5 6. d5 c6 7. f3 Be7 8. Qd2 Nh7 9. O-O-O c5 10. Nge2 b5 11.
Nxb5 Qb6 12. Nec3 Rb8 13. h4 a6 14. Na4 Qb7 15. Na3 Nb6 16. Nxb6 Qxb6 17. Nc4 Qb7 18. g5 h5 19. Bh3 Bxh3 20. Rxh3 Qd7 21. Rg3 Qa4 22. Na3 O-O 23. Qc3 Bd8 24. Bd2 Re8 25.
Qc4 Qd7 26. Qxa6 Nf8 27. Qc6 Qxc6 28. dxc6 Rc8 29. Nc4 Rxc6 30. a4 Ng6 31. Be3 Bc7 32. Rh3 Rb8 33. Rh2 Kf8 34. Rdh1 Ke7 35. Rd2 Ke6 36.
Bf2 f6 37. gxf6 gxf6 38. Rg1 Nf4 39. Be3 d5 40. Bxf4 dxc4 41. Be3 c3 42. bxc3 Ba5 43.
Rd5 Bxc3 44. Rxc5 Rxc5 45. Bxc5 Ra8 46. Kd1 Rxa4 47. Ke2 Bd4 48. Bxd4 Rxd4 49. Ra1 Rd6 50. c4 f5 51. c5 Rc6 52. Rc1 fxe4 53. fxe4 Rc8 54.
Kd3 Kd7 55. Kc4 Rf8 56. Kd5 Rf4 57. c6+ Kc7 58. Rb1 Rxh4 59. Rb7+ Kc8 60. Rh7 Rh1 61. Kd6 Rd1+ 62. Kxe5 Rc1 63. Kd6 Rd1+ 64. Ke7 Re1 65.
Kd6 Rd1+ 66. Ke6 Re1 67. e5 Rc1 68. Rh8+ Kc7 69. Rxh5 Rxc6+ 70. Ke7 Rg6 71. e6 Rg1 72. Rc5+ Kb6 73. Rc2 Re1 74. Kd7 Rd1+ 75. Ke8 Kb7 76. e7 Re1 77. Rf2 Kc7 78. Kf8 Kd7 79. Rd2+ 1-0

[Event "*** Titled Tuesday Blitz"]
[Site "Chess.com"]
[Date "2018.11.06"]
[Round "7"]
[White "JonahWillow"]
[Black "Boorchess"]
[Result "1-0"]
[WhiteElo "2686"]
[BlackElo "2442"]
[TimeControl "180+2"]
[EndTime "14:38:19 PST"]
[Termination "JonahWillow won by resignation"]

1. e4 e5 2. Nf3 Nc6 3. Nc3 Nf6 4.
Bb5 Bb4 5. O-O O-O 6. d3 Bxc3 7. bxc3 Qe7 8. Bg5 Nd8 9. Re1 Ne6 10. Bc1 d6 11. d4 c6 12. Bf1 Qc7 13. Ba3 Rd8 14. Rb1 b6 15. Bc1 Re8 16. h3 Bb7 17. a4 a6 18. Ba3 Rad8 19. Qc1 c5 20. d5 Nf4 21. g3 Ng6 22. Qb2 Nd7 23. c4 Rb8 24.
Qc3 Ba8 25. Rb3 a5 26. Bc1 f6 27.
Be3 Rf8 28. g4 h6 29. Reb1 Rbe8 30. Qd2 Bb7 31. Kh2 Nh8 32. Nh4 Rb8 33. Nf5 Rfe8 34.
Bxh6 gxh6 35. Qxh6 Nf8 36. Rxb6 Nh7 37. Nxd6 Re7 38.
Nf5 Rd7 39. d6 Qd8 40. Ne7+ Rxe7 41. dxe7 Qxe7 42. Bd3 Nf7 43. Qg6+ Kh8 44. h4 Nd6 45. g5 Rg8 46. Qh6 Nf7 47. Qh5 Nd8 48. g6 Rg7 49.
Rg1 Qe8 50. Rxf6 Bc8 51. Qh6 Ne6 52. gxh7 Rxh7 53. Qg6 Rxh4+ 54. Kg3 Rh3+ 55. Kxh3 Nf4+ 56. Kh2 Nxg6 57. Rfxg6 Kh7 58. Rg7+ Kh6 59. R1g3 Qh5+ 60.
Kg2 Be6 61. Re7 Bf7 62. Rh3 Kg7 1-0

[Event "*** Titled Tuesday Blitz"]
[Site "Chess.com"]
[Date "2018.11.06"]
[Round "7"]
[White "alishersuleymenov"]
[Black "narutosmith"]
[Result "1-0"]
[WhiteElo "2470"]
[BlackElo "2190"]
[TimeControl "180+2"]
[EndTime "14:38:20 PST"]
[Termination "alishersuleymenov won on time"]

1. d4 Nf6 2. c4 c5 3. d5 e6 4.
Nc3 exd5 5. cxd5 d6 6. Nf3 g6 7. Bf4 a6 8. a4 Bg7 9. h3 O-O 10. e3 Ne8 11. Be2 Nd7 12. O-O Qe7 13. Re1 Ne5 14.
Nd2 f5 15. Bg3 Rb8 16. Bf1 Bd7 17. f4 Nf7 18. e4 fxe4 19. Ncxe4 Qd8 20. a5 Bxb2 21.
Rb1 Bg7 22. Nc4 Bb5 23. Qd2 Bxc4 24. Bxc4 b5 25. axb6 Rxb6 26. Kh2 Qb8 27. Qc2 Nf6 28. Nxc5 dxc5 29. f5 Qa7 30. fxg6 hxg6 31. d6 Rxb1 32.
Qxb1 Kh7 33. Re7 Qb8 34. Qxb8 Rxb8 35. Rxf7 Rd8 36. Be5 Rd7 37. Re7 Rxe7 38. dxe7 Ne8 39. Bf4 Bf6 40. Bf7 Bxe7 41. Bxe8 c4 42. Be5 Bb4 43.
Kg1 c3 44. Ba4 Kg8 45. Kf2 Kf7 46. Ke3 Ke6 47. Ke4 g5 48. g3 a5 49. h4 gxh4 50. gxh4 Kf7 51. Kf5 Kg8 52. Kg6 Kf8 53. h5 Ke7 54. h6 Ke6 55. Bf6 Kd5 56. h7 Kc4 57.
h8=Q c2 58. Qc8+ Kd3 59. Qf5+ Kd2 60. Qxc2+ Ke3 61. Bc6 1-0

[Event "*** Titled Tuesday Blitz"]
[Site "Chess.com"]
[Date "2018.11.06"]
[Round "7"]
[White "m3alam"]
[Black "aquaticpineapples"]
[Result "0-1"]
[WhiteElo "2112"]
[BlackElo "2020"]
[TimeControl "180+2"]
[EndTime "14:38:34 PST"]
[Termination "aquaticpineapples won by resignation"]

1. d4 d5 2. Nf3 c5 3. g3 cxd4 4. Bg2 Nf6 5. O-O Nc6 6. Nxd4 e6 7. c4 Nxd4 8. Qxd4 dxc4 9. Qxd8+ Kxd8 10. Bg5 h6 11.
Bf4 Bc5 12. Nd2 Ke7 13. Nxc4 Rd8 14. a3 Nd5 15. Bd2 b5 16. Na5 Bd7 17. Rac1 Rac8 18.
e4 Nb6 19. Rxc5 Rxc5 20. Bb4 Rc8 21. Rc1 Na4 22. b3 Ke8 23. Bxc5 Rxc5 24. Rd1 Nc3 25. Rd2 Nb1 26. Rd1 Nxa3 27. Bf3 b4 28. Nb7 Rc3 29.
Nd6+ Ke7 30. Be2 Rxb3 31. e5 Rb1 32. Rxb1 Nxb1 33. Kf1 Nc3 34. Bc4 a5 35. Ke1 f6 36.
f4 fxe5 37. fxe5 a4 38. Kd2 a3 39. Kc2 Ba4+ 40. Kc1 Bc6 41. Bb3 Bd5 42. Kc2 Bxb3+ 43. Kxb3 a2 44. Kb2 Kd7 45. h4 Kc6 46. Ne8 g6 47. Nf6 Kc5 48. g4 Kd4 49. h5 gxh5 50. gxh5 Kxe5 51. Ng4+ Kf4 52. Nxh6 Kg5 53. Nf7+ Kxh5 54.
Ne5 Kg5 55. Nd3 Kf5 56. Nxb4 e5 57. Nc2 Nd5 58. Kxa2 e4 59. Kb2 Kf4 60. Kc1 Kf3 61. Kd2 Nf4 62. Ke1 Ng2+ 63. Kd2 Nf4 64. Ke1 Nd5 65.
Nd4+ Ke3 66. Nc2+ Kd3 67. Kd1 Ne3+ 68. Nxe3 Kxe3 69. Ke1 Kd3 70. Kd1 e3 71. Ke1 e2 72. Kf2 Kd2 73. Kf3 e1=Q 74. Kf4 Qe3+ 0-1